 Dungeon Crawl Stone Soup version 0.28-a0-1182-g381e24db82 (webtiles) character file.

Game seed: 8193903490314883782

333 siradein the Caller (level 6, -3/35 HPs)
             Began as a Tengu Summoner on Dec 17, 2021.
             Slain by Grinder (8 damage)
             ... on level 4 of the Dungeon.
             The game lasted 00:06:40 (3165 turns).

siradein the Caller (Tengu Summoner)                Turns: 3165, Time: 00:06:40

Health: -3/35      AC:  6    Str:  9    XL:     6   Next: 53%
Magic:  8/12       EV: 13    Int: 17    God:
Gold:   179        SH:  0    Dex: 14    Spells: 2/11 levels left

rFire   + . .      SeeInvis .   c - +1 rapier (vamp)
rCold   . . .      Faith    .   (no shield)
rNeg    . . .      Spirit   .   j - +1 ring mail {rF+}
rPois   .          Reflect  .   (helmet restricted)
rElec   .          Harm     .   (no cloak)
rCorr   .          Rampage  .   (no gloves)
Will    .....                   (boots unavailable)
Stlth   +.........              (no amulet)
HPRegen 0.11/turn               (no ring)
MPRegen 0.13/turn               (no ring)

@: flying quickly and evasively, quick
A: beak, talons 3, nimble flight
a: no special abilities


You were on level 4 of the Dungeon.
You visited 1 branch of the dungeon, and saw 4 of its levels.

You collected 179 gold pieces.

Inventory:

Hand Weapons
 c - a +1 vampiric rapier (weapon)
Armour
 j - a +1 ring mail of fire resistance (worn)
Scrolls
 a - a scroll of fear {unknown}
 b - 2 scrolls of enchant armour
 f - a scroll of blinking {unknown}
 h - a scroll of summoning {unknown}
 i - a scroll of identify {unknown}
Potions
 d - 2 potions of haste {unknown}
 e - 2 potions of heal wounds {unknown}
 g - 2 potions of attraction {unknown}
 k - 2 potions of curing {unknown}
 l - a potion of flight {unknown}
 m - a potion of lignification {unknown}
 n - a potion of resistance {unknown}


   Skills:
 + Level 1.7 Fighting
 + Level 1.9 Armour
 + Level 4.0 Dodging
 - Level 2.5 Stealth
 + Level 3.4 Spellcasting
 + Level 6.1 Summonings


You had 2 spell levels left.
You knew the following spells:

 Your Spells              Type           Power      Damage    Failure   Level
a - Summon Small Mammal   Summ           92%        N/A       3%          1
b - Call Imp              Summ           23%        N/A       5%          2
c - Call Canine Familiar  Summ           23%        N/A       11%         3
d - Summon Guardian Gole  Hex/Summ       13%        N/A       36%         3

Your spell library contained the following spells:

 Spells                   Type           Power      Damage    Failure   Level
 Apportation              Tloc           4%         N/A       41%         1
 Pain                     Necr           8%         1d4       41%         1
 Slow                     Hex            8%         N/A       41%         1
 Summon Lightning Spire   Summ/Air       13%        N/A       77%         4


Dungeon Overview and Level Annotations

Branches:
Dungeon (4/15)
 Temple: D:4-7

Altars:
Qazlal
Ru
The Shining One

Shops:
D:3 [[(:

Annotations:
D:4 Grinder


Innate Abilities, Weirdness & Mutations

You have a beak for a mouth.
You have claws for feet.
Your magical nature lets you fly swiftly and evasively.


Message History

Your bat hits Grinder but does no damage.
Your hound closely misses Grinder.
Grinder barely misses you.
Your crimson imp blinks!
Unknown command.
Unknown command.
You puncture Grinder! Your kick misses Grinder.
Grinder is moderately wounded.
Your bat closely misses Grinder.
Your hound closely misses Grinder.
Grinder hits you.
You writhe in agony.
Your hound bites Grinder.
Your crimson imp blinks!
Unknown command.
Unknown command.
You hit Grinder but do no damage. Your kick misses Grinder.
Grinder is heavily wounded.
Your bat closely misses Grinder.
Your hound bites Grinder.
Your bat hits Grinder but does no damage.
Grinder hits your hound.
Your hound writhes in agony.
Your hound bites Grinder.
Unknown command.
Unknown command.
You barely miss Grinder. Your kick misses Grinder.
Grinder is severely wounded.
Your bat hits Grinder but does no damage.
Your bat closely misses Grinder.
Your bat hits Grinder but does no damage.
Your hound bites Grinder.
Grinder gestures at your bat.
Your bat writhes in agony!
Your bat dies!
Your bat's corpse disappears in a puff of smoke!
Your crimson imp blinks!
Your hound bites Grinder but does no damage.
Unknown command.
You hit Grinder. Your kick misses Grinder. Your peck misses Grinder.
Grinder is almost dead.
Grinder hits you.
* * * LOW HITPOINT WARNING * * *
You writhe in agony.
* * * LOW HITPOINT WARNING * * *
Your hound misses Grinder. Grinder hits you!
You die...

# #########
#.#<......#
#.#######.# ...
#.#
#<#.#####'#+##
#...5.5ยง.....#
#.#@.h.....#
#.[......#
#######+##


You could see Grinder (ally target), a friendly hound (summoned) and a friendly
crimson imp (summoned).

Vanquished Creatures
  Natasha (thrice) (D:3)
  Robin (D:2)
  3 adders
  A worm (D:2)
  2 dart slugs
  2 orcs (D:3)
  3 ball pythons
  7 endoplasms
  3 giant cockroaches
  2 hobgoblins (D:3)
  2 jackals (D:1)
  4 frilled lizards
  7 goblins
  5 kobolds
  5 rats
50 creatures vanquished.

Vanquished Creatures (collateral kills)
  2 scorpions (D:3)
  Jessica (D:2)
  An adder (D:3)
  2 ball pythons (D:1)
  A giant cockroach (D:1)
  6 goblins (D:2)
  2 hobgoblins (D:2)
  2 jackals (D:1)
  A frilled lizard (D:1)
  2 kobolds (D:1)
20 creatures vanquished.

Grand Total: 70 creatures vanquished

Notes
Turn   | Place    | Note
-------+----------+-------------------------------------------
     0 | D:1      | siradein the Tengu Summoner began the quest for the Orb.
     0 | D:1      | Reached XP level 1. HP: 10/10 MP: 4/4
   144 | D:1      | Reached XP level 2. HP: 15/15 MP: 4/6
   146 | D:1      | Reached skill level 5 in Summonings
   268 | D:1      | Learned a level 2 spell: Call Imp
   645 | D:1      | Reached XP level 3. HP: 19/19 MP: 7/7
   704 | D:1      | Found a faded altar of an unknown god.
   976 | D:2      | Noticed Jessica
   981 | D:2      | Killed Jessica
  1241 | D:2      | Reached XP level 4. HP: 10/24 MP: 5/9
  1485 | D:2      | Noticed Robin
  1679 | D:2      | Killed Robin
  1963 | D:3      | Noticed a scorpion
  1963 | D:3      | Found Ijerinat's Antique Armour Emporium.
  1969 | D:3      | Killed a scorpion
  1970 | D:3      | Gained mutation: Your magical nature lets you fly swiftly
                  | and evasively. [Tengu growth]
  1970 | D:3      | Reached XP level 5. HP: 23/28 MP: 7/10
  2022 | D:3      | Reached skill level 1 in Fighting
  2022 | D:3      | Reached skill level 1 in Armour
  2022 | D:3      | Reached XP level 6. HP: 28/34 MP: 11/11
  2091 | D:3      | Learned a level 3 spell: Call Canine Familiar
  2095 | D:3      | Learned a level 3 spell: Summon Guardian Golem
  2139 | D:3      | Got First Steps in Theurgy
  2152 | D:3      | Found a sacrificial altar of Ru.
  2234 | D:3      | Reached skill level 6 in Summonings
  2368 | D:3      | Found Sumnigha's Antique Armour Shoppe.
  2378 | D:3      | Found a glowing golden altar of the Shining One.
  2383 | D:3      | Found Uliur's Antique Weapon Shoppe.
  2460 | D:3      | Found a stormy altar of Qazlal.
  2460 | D:3      | Noticed Natasha
  2654 | D:3      | Found Jengumuc's Book Shoppe.
  2766 | D:3      | Killed Natasha
  2777 | D:3      | Noticed Natasha
  2821 | D:3      | Killed Natasha
  2828 | D:3      | Noticed Natasha
  2837 | D:3      | Killed Natasha
  3149 | D:4      | Noticed Grinder
  3165 | D:4      | Slain by Grinder

Illustrated notes

Levels and vault maps discovered:
D:1:      lemuel_arrival_muddy, layout_rooms,
          hellmonk_ecumenical_altar_heavens_door
D:2:      layout_rooms, uniq_robin, uniq_jessica
D:3:      layout_rooms, old_standard_altar, mainiacjoe_overflow_catch_the_wave,
          serial_shops, shop, shop, shop_fountains, shop, uniq_natasha
D:4:      layout_basic, serial_shops, kennysheep_little_box,
          nicolae_shop_self_help, uniq_grinder

Skill      XL: |  1  2  3  4  5  6 |
---------------+-------------------+-----
Summonings     | 5 6 |  6.1
Dodging        | 3 4 |  4.0
Spellcasting   | 3 |  3.4
Fighting       | 1 |  1.7
Armour         | 1 |  1.9
Stealth        | |  2.5

Action                   |  1- 3 |  4- 6 || total
-------------------------+-------+-------++-------
Melee: Rapier            |    50 |    89 ||   139
       Dagger            |     3 |       ||     3
       Peck              |     8 |     9 ||    17
       Unarmed           |     2 |     2 ||     4
       Kick              |     5 |    16 ||    21
 Cast: Summon Small Mamm |     5 |     1 ||     6
       Call Imp          |     4 |    14 ||    18
       Call Canine Famil |       |     1 ||     1
  Use: Scroll            |       |     1 ||     1
 Stab: Distracted        |     1 |       ||     1
       Sleeping          |     1 |     1 ||     2
Armor: Robe              |    13 |       ||    13
       Ring mail         |     2 |    28 ||    30
Dodge: Dodged            |    35 |    51 ||    86

Table legend: (Time is in decaauts)
 A = Elapsed time spent in this place.
 B = Non-inter-level travel time spent in this place.
 C = Inter-level travel time spent in this place.
 D = Time resting spent in this place.
 E = Time spent auto-exploring this place.
 F = Levels seen in this place.
 G = Mean time per level.
                   A        B        C        D        E       F      G
               +--------+--------+--------+--------+--------+-----+--------+
         Total |   3151 |   3061 |     90 |    171 |   2256 |   4 |  787.8 |
       Dungeon |   3151 |   3061 |     90 |    171 |   2256 |   4 |  787.8 |
               +--------+--------+--------+--------+--------+-----+--------+

Top non-repeatable levels by time:
     D:3: 1126 daAuts
     D:1: 1068 daAuts
     D:2: 930 daAuts
     D:4: 25 daAuts
